Arrhythmia, chaotic female vampiric Convict ------------- |............###### ------- |...........| # |....>| |...........| ########################## |......#################............| # ------- ------------- # # ------------------.---- |.................^...| |.....................| |.....................| |.....................| --------.-------------- # ############ ------------.--- -.-- |..............| --------------- |?)| |......E........##################..............| ##.".| |...._@........| |.............| # ---- ---------------- |..............##################### |.............| --------------- Arrhythmia the Prisoner Experience level: 13 Strength: 18 Dexterity: 12 Constitution: 19 Intelligence: 13 Wisdom: 13 Charisma: 7 Health: 0(97) Energy: 95(95) AC: -18 Gold: 0 Moves: 37447 Your Inventory: Armor b - a [blessed] +3 small shield (being worn) j - an [uncursed] +0 cloak of protection (being worn) u - an [uncursed] greased rusty +4 orcish helm (being worn) z - an [uncursed] +0 dwarvish mithril-coat (being worn) A - an [uncursed] +0 pair of leather gloves (being worn) W - an [uncursed] greased very rusty +7 pair of iron shoes (being worn) Comestibles s - an [uncursed] Hyper Futa Mare Dick named Lewdprincess' Favorite Rings d - an [uncursed] ring of slow digestion named Sustenance (on right hand) Wands O - an [uncursed] wand of teleportation [0:5] T - an [uncursed] wand of cold [0:3] U - an [uncursed] wand of teleportation [0:5] Tools f - a blessed bag of holding g - an [uncursed] skeleton key x - an [uncursed magic] lamp called Railroad Mejic (lit) G - a blessed [+0] unicorn horn X - an [uncursed] silver bell [(Bell of Opening) (0:3)] Gems H - a blessed stone called Get lucky [luckstone] Iron balls c - the blessed rustproof Iron Ball of Liberation (chained to you) (weapon in hand) Contents of the bag of holding: 16190 gold pieces an [uncursed] rotted [+0] apron [alchemy smock] a [blessed +0] large shield a [cursed -1] pair of jackboots [high] a [cursed] rustproof [-1] plate mail an [uncursed] scroll labeled HACKEM MUCHE [of light] an [uncursed] scroll labeled YUM YUM [of magic mapping] 3 blessed potions called water [of holy water] an [uncursed] potion of extra healing 3 blessed potions of full healing an [uncursed] potion of gain ability an [uncursed] potion of healing an [uncursed] crusty wand [of probing (0:6)] a [cursed] wand called Invis [of make invisible (0:4)] an [uncursed] wand of digging [0:6] an [uncursed] wand of digging [0:2] an [uncursed] wand of lightning [0:4] an [uncursed] wand of sleep [0:3] an [uncursed] wand of striking [0:5] an [uncursed] wand of striking [0:3] an [uncursed] wand of teleportation [0:3] an [uncursed] can of grease [0:1] an [uncursed] fire horn [0:4] an [uncursed] looking glass [mirror] an [uncursed +0] pick-axe an [uncursed] towel 2 [uncursed] gems called Maybeglass [obsidian] 2 [uncursed] violet gems [amethyst] Spells known in the end: Name Level Category Fail Memory Your skills at the end: Fighting Skills body armor [Skilled / Skilled] shield [Basic / Basic] Weapon Skills flail [Expert / Expert] sling [Basic / Skilled] Spellcasting Skills Final Attributes: You were piously aligned. Hunger level was 1428. Your alignment was 196 / 197. Monster difficulty range was 2 - 14. Level difficulty was 16. You were immune to poison. You were immune to level-drain. You were immune to sickness. You were magic-protected. You were punished. You were warned. You had automatic searching. You were displaced. You could fly. You could survive without air. You had slower digestion. You regenerated. You were extremely lucky (13). You had extra luck. Good luck did not time out for you. Tymora was angry with you (1). You are dead. Vanquished creatures: Warden Arianna 2 iron golems a titanothere a vampire lord a skeleton 5 prison guards 5 lava demons 5 inmates Aphrodite a lurker above 8 black puddings a vampire a lieutenant 6 ghosts 3 giant mimics an ice troll a flesh golem 3 large mimics 2 wumpuses a baby purple worm 2 fire elementals 2 earth elementals 3 water elementals a hill giant 2 xorns 6 giant zombies 5 sergeants a water demon 8 wargs a winter wolf 9 small mimics 3 glass piercers 2 warhorses a xan 4 ettin mummies 3 ogre lords 2 quantum mechanics a wood golem a giant turtle 3 gelatinous cubes a pyrolisk 3 large dogs a freezing sphere 2 flaming spheres a shocking sphere a large cat a gargoyle a dwarf king 4 tengu an ochre jelly a leocrotta 13 stone giants an elf mummy a red naga a pit viper a python a cobra 2 wraiths 2 ettin zombies 2 leather golems 19 soldiers 2 chameleons 2 crocodiles 51 giant beetles 4 quivering blobs 5 cockatrices 5 wolves 2 lynxes a panther 10 gremlins a spotted jelly 52 leprechauns 5 orc-captains 2 iron piercers 19 giant spiders a scorpion 3 horses 2 ice vortices 2 black lights 2 vampire bats 2 gnome kings 5 orc mummies 5 ogres 4 brown puddings 4 rust monsters 4 owlbears 2 yetis 3 gold golems 2 Green-elves 8 lizards 3 dogs 5 housecats 3 jaguars 3 dwarf lords a blue jelly 3 white unicorns 3 dust vortices 3 ravens a plains centaur 2 Kop Kaptains 6 gnome mummies 5 snakes 5 apes 3 human zombies 2 rope golems 3 Woodland-elves 22 soldier ants 6 fire ants 3 snow ants 2 bugbears 3 imps a quasit 13 wood nymphs 9 water nymphs 12 mountain nymphs 9 Mordor orcs 13 Uruk-hai 4 orc shamans 4 rock piercers 8 enormous rats 2 rock moles a pony 4 fog clouds 9 yellow lights 6 shriekers 5 violet fungi 17 gnome lords a gnomish wizard 2 Kop Lieutenants 8 kobold mummies a black naga hatchling a golden naga hatchling 2 guardian naga hatchlings a gray ooze 2 barrow wights 5 elf zombies a ghoul 2 straw golems 2 paper golems a wax golem 2 baby crocodiles 26 giant ants 4 little dogs 7 floating eyes 4 kittens 18 dwarves 7 homunculi 3 kobold lords 2 kobold shamans 34 hill orcs 12 rothes a rabid rat 3 giant bats 3 Kop Sergeants 4 monkeys an orc zombie 10 dwarf zombies a miner 3 wererats 3 werejackals 4 muggers 8 iguanas 18 killer bees 3 acid blobs 4 coyotes 3 gas spores 8 hobbits 12 manes 2 large kobolds 3 hobgoblins 18 giant rats 13 cave spiders 3 brown molds 5 yellow molds 3 green molds 4 red molds 63 gnomes 8 Keystone Kops 10 garter snakes 3 gnome zombies 6 geckos 13 jackals 3 foxes 2 kobolds 19 goblins 12 sewer rats 6 grid bugs 6 bats 12 lichens 9 kobold zombies 9 newts 1053 creatures vanquished. Voluntary challenges: You were an atheist. You pretended to be a nudist. You went without food. You were illiterate. You never hit with a wielded weapon. You put on armor 76 times. You never genocided any monsters. You never polymorphed an object. You changed form 1 time. You used no wishes. You abstained from Elbereth's help. You never encountered a bones level. You used 3 Sokoban shortcuts. Dungeon overview: The Dungeons of Doom: levels 1 to 16 Level 1 a long staircase Level 2 stairs to The Gnomish Mines Level 3 a general store Level 4 a general store, an altar Level 5 some fountains Level 6 stairs to Sokoban Level 7 stairs to Town Level 8 a fountain Level 10 a temple Level 11 portal to The Quest Level 12 a potion shop, a fountain, a sink Level 13 some fountains Level 14 a fountain Level 16 <- You were here The Gnomish Mines: levels 3 to 10 Level 3 stairs to The Dungeons of Doom Level 6 many shops, a temple, a magic chest Level 10 some fountains The Quest: levels 1 to 5 Level 1 an altar to Tymora, a magic chest, a sink portal to The Dungeons of Doom Level 3 a general store, a sink Level 5 (Nurse) Sokoban: levels 3 to 5 Level 5 a magic chest stairs to The Dungeons of Doom Town: levels 4 to 6 Level 4 many shops, a sink Level 5 some fountains, many trees Level 6 stairs to The Dungeons of Doom History has recorded: On T:1 you entered the Dungeons of Doom to retrieve the Amulet of Yendor! On T:223 you advanced to experience level 2. On T:407 you reached level 2 of The Dungeons of Doom. On T:539 you advanced to experience level 3. On T:618 you reached level 1 of The Gnomish Mines. On T:626 you advanced to experience level 4. On T:721 you reached level 3 of The Dungeons of Doom. On T:1019 you advanced to experience level 5. On T:1054 you reached level 4 of The Dungeons of Doom. On T:1465 you advanced to experience level 6. On T:2113 you reached level 2 of The Gnomish Mines. On T:2201 you advanced to experience level 7. On T:3365 you reached level 5 of The Dungeons of Doom. On T:3419 you advanced to experience level 8. On T:3656 you reached level 6 of The Dungeons of Doom. On T:3793 you reached level 3 of Sokoban. On T:4609 you reached level 3 of The Gnomish Mines. On T:4775 you reached level 6 of The Gnomish Mines. On T:4905 you advanced to experience level 9. On T:5002 you reached level 7 of The Gnomish Mines. On T:5065 you reached level 8 of The Gnomish Mines. On T:5137 you reached level 5 of The Gnomish Mines. On T:5351 you reached level 4 of The Gnomish Mines. On T:8392 you reached level 2 of Sokoban. On T:8589 you advanced to experience level 10. On T:8614 you reached level 7 of The Dungeons of Doom. On T:8791 you reached level 3 of Town. On T:8881 you reached level 2 of Town. On T:9123 you advanced to experience level 11. On T:9151 you reached level 8 of The Dungeons of Doom. On T:9680 you reached level 9 of The Dungeons of Doom. On T:10178 you reached level 10 of The Dungeons of Doom. On T:14792 you advanced to experience level 12. On T:16938 you reached level 1 of Town. On T:18300 you killed Aphrodite on level 2 of Town. On T:20212 you reached level 1 of Sokoban. On T:25564 you reached level 11 of The Dungeons of Doom. On T:25763 you reached level 1 of The Quest. On T:26124 you embarked upon an epic quest. On T:26397 you reached level 2 of The Quest. On T:26736 you reached level 3 of The Quest. On T:28318 you reached level 4 of The Quest. On T:28700 you reached level 5 of The Quest. On T:29152 you advanced to experience level 13. On T:29239 you killed Warden Arianna on level 5 of The Quest. On T:30194 you completed the quest! On T:32654 you reached level 12 of The Dungeons of Doom. On T:35524 you reached level 13 of The Dungeons of Doom. On T:36101 you reached level 14 of The Dungeons of Doom. On T:36486 you reached level 15 of The Dungeons of Doom. On T:37041 you reached level 16 of The Dungeons of Doom. Latest messages: You kill the stone giant! The wraith strikes at your displaced image and misses you! The wraith misses. You hit the wraith! You bite the wraith. The wraith misses. You destroy the wraith! You are already wielding that! You hit the fire elemental! You bite the fire elemental. You are suddenly very hot! The fire elemental misses. [HP-23=74] You hit the fire elemental! You are suddenly very hot! You bite the fire elemental. You are suddenly very hot! The fire elemental misses. [HP-55=19] You hit the fire elemental! You are suddenly very hot! You die... Final status: Goodbye Arrhythmia the Convict... You died in The Dungeons of Doom on dungeon level 16 with 21593 points, and 16190 pieces of gold, after 37447 moves. You were level 13 with a maximum of 97 hit points when you died.